Map: Ascension to Aiur LE

Players

Judiasmon - Winner!

  • Race: Zerg Zerg
  • League: Gold
  • Spawn Location: 11:00

ITREV

  • Race: Zerg Zerg
  • League: Gold
  • Spawn Location: 5:00

VOD

Have the link to the VOD?

Description

Time

  • Played on: Oct. 25, 2017, 9:55 p.m.
  • Length: 12:25
Show
View Real Time Build Order
Export as new Build Order

Judiasmon Zerg - Winner!

Build Orders: Hatch First 

Get SALT Encoding   

  12  0:01  Drone  
  13  0:13  Overlord  
  13  0:17  Drone  
  14  0:32  Drone x2  
  16  0:36  Drone  
  17  0:54  Hatchery  
  16  0:57  Drone  
  17  1:06  Drone  
  18  1:17  Spawning Pool  
  18  1:18  Drone  
  18  1:21  Extractor  
  18  1:23  Drone  
  18  1:30  Drone  
  19  1:40  Drone  
  20  1:53  Overlord  
  20  2:05  Queen  
  22  2:09  Queen  
  22  2:11  Drone  
  25  2:22  Metabolic Boost  
  25  2:25  Drone  
  25  2:26  Zergling x2  
  25  2:27  Zergling x2  
  25  2:28  Drone  
  29  2:36  Drone  
  30  2:40  Drone  
  31  2:49  Drone  
  32  2:54  Drone  
  32  2:56  Roach Warren  
  32  2:58  Drone  
  32  3:01  Overlord  
  32  3:05  Queen  
  35  3:14  Drone  
  35  3:18  Queen  
  35  3:19  Drone x3  
  41  3:22  Zergling x2  
  41  3:24  Drone  
  43  3:28  Extractor, Drone  
  43  3:30  Drone  
  44  3:38  Evolution Chamber  
  44  3:41  Overlord  
  43  3:55  Drone  
  44  4:01  Drone  
  44  4:02  Drone  
  46  4:06  Drone x3  
  49  4:12  Zerg Missile Weapons Level 1  
  49  4:13  Roach  
  51  4:18  Hatchery  
  51  4:19  Zergling x4  
  51  4:23  Overlord  
  52  4:42  Overlord x2  
  52  4:49  Lair  
  52  4:50  Roach x2  
  52  4:51  Overlord, Roach x2  
  57  5:20  Zergling x6  
  57  5:21  Roach x3, Drone x3  
  64  5:22  Drone, Queen  
  68  5:37  Drone x3  
  68  5:42  Drone x2  
  73  5:43  Drone x2  
  73  5:47  Extractor x2  
  73  5:53  Roach x2  
  77  5:57  Queen  
  77  5:58  Zergling x2  
  77  5:59  Drone  
  79  6:18  Roach  
  79  6:19  Roach x4  
  79  6:24  Overlord, Zergling x2  
  79  6:25  Overlord x2  
  89  6:27  Zerg Ground Armor Level 1  
  89  6:29  Overlord x2  
  89  6:44  Glial Reconstitution  
  89  6:45  Zergling x2  
  89  6:46  Zergling x2  
  89  6:47  Roach x6  
  97  6:48  Drone  
  97  6:53  Roach  
  106  6:57  Zergling x4  
  108  7:04  Drone x3  
  108  7:06  Zergling x2  
  108  7:08  Roach x2  
  116  7:17  Drone  
  116  7:18  Drone  
  116  7:19  Zergling x2  
  119  7:34  Roach x2, Drone  
  119  7:37  Zergling x4  
  126  7:43  Roach  
  129  7:44  Overlord x2, Zergling x2  
  129  7:52  Overlord x2  
  129  8:11  Drone x5  
  129  8:12  Roach x4, Drone x2  
  143  8:20  Zerg Missile Weapons Level 2  
  143  8:25  Zergling x4  
  143  8:26  Zergling x2  
  139  8:31  Drone x3  
  142  8:39  Hydralisk Den  
  139  8:44  Extractor  
  138  8:49  Drone x2  
  138  8:50  Zergling x2, Roach x5  
  138  8:51  Overlord  
  151  8:59  Overlord x2, Roach  
  151  9:00  Hatchery  
  152  9:09  Hydralisk x3  
  158  9:10  Pneumatized Carapace  
  158  9:19  Hydralisk  
  158  9:20  Hydralisk x4  
  168  9:29  Zergling x2  
  169  9:36  Extractor  
  168  9:40  Overlord x2  
  168  10:00  Hydralisk x6  
  168  10:01  Hydralisk x2  
  184  10:08  Overlord x3  
  184  10:21  Hydralisk x2  
  184  10:22  Hydralisk  
  184  10:27  Hydralisk x3  
  196  10:36  Spore Crawler  
  196  10:37  Drone x4  
  199  11:03  Muscular Augments  
  199  11:09  Infestation Pit  
  198  11:19  Spore Crawler  
  197  11:39  Queen  
  199  11:45  Hydralisk x4  
  192  12:05  Hatchery  
Show
View Real Time Build Order
Export as new Build Order

ITREV Zerg 

Build Orders: Pool First 

Get SALT Encoding   

  12  0:02  Drone  
  13  0:11  Drone  
  14  0:28  Spawning Pool  
  13  0:30  Drone  
  13  0:35  Extractor, Drone  
  14  0:46  Overlord  
  14  0:52  Extractor, Drone  
  14  1:04  Drone  
  14  1:05  Drone  
  16  1:15  Queen  
  18  1:20  Drone  
  19  1:33  Roach Warren  
  19  1:34  Drone  
  19  1:38  Drone  
  20  1:46  Drone  
  21  2:01  Lair  
  21  2:04  Drone  
  22  2:16  Overlord  
  22  2:27  Overlord  
  22  2:39  Evolution Chamber  
  22  2:43  Drone  
  22  2:44  Drone x2  
  24  3:01  Roach  
  24  3:04  Hatchery  
  25  3:06  Zerg Melee Weapons Level 1  
  25  3:10  Metabolic Boost  
  25  3:26  Roach x3  
  31  3:54  Tunneling Claws  
  31  3:58  Drone x3  
  31  3:59  Drone x2  
  36  4:18  Spire, Drone x2  
  36  4:22  Drone  
  38  4:31  Zergling x4  
  38  4:32  Zergling x2  
  38  4:37  Baneling Nest  
  40  4:45  Spine Crawler, Drone x2  
  34  5:26  Roach x6  
  42  5:32  Mutalisk  
  44  5:36  Overlord x2  
  44  6:09  Zergling x10, Infestation Pit  
  48  6:14  Zergling x2  
  48  6:15  Zergling x4  
  51  6:28  Zerg Melee Weapons Level 2  
  51  6:38  Evolution Chamber  
  50  6:44  Drone  
  50  6:45  Drone  
  50  6:46  Mutalisk  
  52  6:49  Mutalisk  
  52  6:50  Mutalisk  
  52  6:52  Zergling x4  
  60  7:01  Hatchery  
  59  7:11  Drone  
  59  7:14  Extractor  
  59  7:16  Overlord, Extractor  
  58  7:27  Mutalisk  
  60  7:31  Overlord  
  60  7:34  Baneling  
  60  7:35  Baneling x5  
  60  7:40  Queen  
  62  7:50  Drone x3  
  65  8:14  Zerg Flyer Weapons Level 1, Nydus Network  
  46  8:41  Mutalisk  
  46  8:42  Mutalisk x2  
  46  8:44  Zergling x8  
  46  8:45  Zergling x8  
  59  9:03  Drone x3  
  59  9:06  Zerg Ground Armor Level 1  
  62  9:11  Swarm Host x2  
  62  9:15  Swarm Host  
  71  9:24  Spine Crawler  
  71  9:27  Drone x2  
  71  9:30  Extractor  
  71  9:36  Nydus Canal  
  71  9:40  Drone x3  
  74  9:49  Pneumatized Carapace  
  74  9:53  Burrow  
  72  10:29  Mutalisk x3  
  78  10:38  Drone x3  
  81  10:49  Nydus Canal  
  81  11:29  Overlord x2  
  81  11:30  Overlord  
  48  11:57  Roach  
  48  11:58  Roach x2  
  51  12:01  Zergling x4  
  51  12:02  Zergling x2  
Tags
 
Add a new tag
Caveats
  • Supply blocks, unpowered buildings, or Contaminate may cause inaccurate times.
  • Supply counts are checked every 10 seconds.